 Dungeon Crawl Stone Soup version 0.21-a0-228-g14ccbf3 (webtiles) character file.

4968 Gorglomux the Transmogrifier (level 10, -5/79 HPs)
             Began as a Gnoll Transmuter on Aug 31, 2017.
             Was an Elder of Uskayaw.
             Slain by Gastronok (31 damage)
             ... on level 9 of the Dungeon.
             The game lasted 00:13:15 (9982 turns).

Gorglomux the Transmogrifier (Gnoll Transmuter)     Turns: 9982, Time: 00:13:16

Health: -5/79      AC: 13    Str:  7    XL:     10   Next: 53%
Magic:  19/24      EV: 14    Int:  7    God:    Uskayaw [****..]
Gold:   478        SH:  0    Dex:  7    Spells: 14/29 levels left

rFire    . . .     SeeInvis .     - Unarmed
rCold    . . .     Gourm    .   (shield currently unavailable)
rNeg     + . .     Faith    +   t - +3 leather armour {rN+}
rPois    +         Spirit   .   W - +0 helmet
rElec    .         Reflect  .   T - +0 cloak
rCorr    .         Harm     .   (gloves currently unavailable)
MR       .....                  (no boots)
Stlth    +.........             N - amulet of faith
HPRegen  0.23/turn              w - +5 ring of protection
MPRegen  0.19/turn              o - ring of poison resistance {=R}

@: blade hands (expiring)
A: unchanging attributes, fangs 1, strong nose
a: End Transformation, Stomp, Line Pass, Renounce Religion


You were on level 9 of the Dungeon.
You worshipped Uskayaw.
Uskayaw was noncommittal.
You were not hungry.
You had blades for hands.
You visited 2 branches of the dungeon, and saw 10 of its levels.

You collected 478 gold pieces.

Inventory:

Missiles
 a - 164 arrows
Armour
 b - a +0 robe
 t - a +3 leather armour of positive energy (worn)
 T - a +0 cloak (worn)
 V - a +0 shield
 W - a +0 helmet (worn)
Jewellery
 g - an uncursed ring of resist corrosion
 o - a ring of poison resistance (right scythe-like blade) {=R}
 v - the ring of Egomania {rC++ MR+}
   (You found it on level 8 of the Dungeon)

   [ring of protection from magic]

   It greatly protects you from cold.
   It affects your resistance to hostile enchantments.
 w - a +5 ring of protection (left scythe-like blade)
 N - an amulet of faith (around neck)
 O - an uncursed ring of magical power
Wands
 y - a wand of confusion (26/48)
 C - a wand of confusion (13/48)
 D - a wand of digging (8/24)
 P - a wand of paralysis (16/24)
Scrolls
 A - 3 scrolls of magic mapping {unknown}
 F - 2 scrolls of amnesia {unknown}
 H - 4 scrolls of remove curse
 I - 4 scrolls of teleportation {unknown}
 M - 3 scrolls of enchant armour {unknown}
 R - a scroll of identify
 S - 2 scrolls of fear {unknown}
 X - a scroll of noise {unknown}
 Y - a scroll of immolation {unknown}
Potions
 u - a potion of berserk rage
 x - a potion of magic
 E - a potion of agility
 G - a potion of heal wounds {unknown}
 K - a potion of cancellation {unknown}
 L - 2 potions of might
 Q - a potion of curing
 U - 2 potions of brilliance
 Z - 2 potions of haste
Books
 c - a book of Changes

   Spells                             Type                      Level
   a - Beastly Appendage              Transmutation                1
   b - Sticks to Snakes               Transmutation                2
   c - Spider Form                    Transmutation/Poison         3
   d - Ice Form                       Ice/Transmutation            4
   e - Blade Hands                    Transmutation                5
Comestibles
 d - 14 bread rations
 s - 5 fruits
 z - 2 meat rations
 B - 9 chunks of flesh
 J - 6 royal jellies


   Skills:
 - Level 7.1 Fighting
 + Level 3.6 Armour
 - Level 8.0 Dodging
 - Level 8.2 Unarmed Combat
 - Level 10.1 Spellcasting
 - Level 11.0 Transmutations
 - Level 3.3 Poison Magic


You had 14 spell levels left.
You knew the following spells:

 Your Spells              Type           Power        Failure   Level  Hunger
a - Beastly Appendage     Tmut           ###...       10%         1    None
b - Sticks to Snakes      Tmut           ###.....     11%         2    ##.....
c - Spider Form           Tmut/Pois      ##........   28%         3    ###....
d - Blade Hands           Tmut           ###.......   38%         5    ######.
e - Ice Form              Ice/Tmut       ##......     69%         4    ####...


Dungeon Overview and Level Annotations

Branches:
Dungeon (9/15)             Temple (1/1) D:5
   Lair: D:8-11         Orc: D:9-12

Altars:
Ashenzari
Cheibriados
Dithmenos
Elyvilon
Fedhas
Gozag
Hepliaklqana
Kikubaaqudgha
Makhleb
Nemelex Xobeh
Okawaru
Qazlal
Ru
Sif Muna
Trog
Uskayaw
Vehumet
Wu Jian
Xom
Yredelemnul
Zin
The Shining One

Shops:
D:7 :   D:9 (

Annotations:
D:2 Natasha
D:9 Gastronok, Psyche


Innate Abilities, Weirdness & Mutations

Your physical attributes are unchanging.
You have very sharp teeth.
Your uncanny sense of smell can sniff out nearby items.


Message History

Psyche seems to speed up!
You shred Gastronok!!!!!!
Gastronok is lightly wounded!
You shred Gastronok!!!!!! You slash Gastronok!!!
Gastronok is heavily wounded!
Gastronok butts you!!!
Uskayaw will force your foes to share their pain!
Uskayaw prepares the audience for your solo!!!
Uskayaw links your audience in an emotional bond!!!
Butt are too injured to fight recklessly!!!
The helpless Gastronok fails to defend himself!
You shred Gastronok!
Gastronok is heavily wounded!
The helpless Gastronok fails to defend himself!
You shred Gastronok!
Gastronok is heavily wounded!
Butt is no longer paralysed!
Psyche is no longer paralysed!
Psyche points at you and mumbles butt strange words!
The puff of flame misses you! Gastronok bites you!!!!!! rip

................>###.......##.##
#####..########..# ##.####.##.#
..........# #..# #.# #.##.#
#####..########..# #.# #.##.#
.................# #.# #.##.#
##..#..##..####..# #.# #.##.#
.........w... ##.# #.####.##.#
##..#..###.#. #.# #.........#
#..#..# #...###@####.####.####
#..#..####.....w............#
#..#........@.........###.#.#
#..#.#####...##.####..# #.#.#
#..# #... #.# #..# #.# # ..#
.... #.# #..# #.# #.## #.# #..#
#.# # # #.# #..# #.# .# #.# #..#
.#


You could see Gastronok and Psyche.

Vanquished Creatures
  Joseph (D:9)
  A hornet (D:8)
  A hippogriff (D:9)
  A spriggan (D:7)
  Sigmund (D:4)
  Eustachio (D:4)
  A hungry ghost (D:8)
  A water moccasin (D:8)
  3 orc warriors
  A black bear (D:8)
  A phantom (D:9)
  A sky beast (D:9)
  4 centaurs
  A necrophage (D:9)
  6 ogres
  A big kobold (D:8)
  A gnoll sergeant (D:9)
  7 bullfrogs
  A wyvern zombie (D:6)
  2 scorpions
  A howler monkey (D:5)
  2 crimson imps
  A bullfrog zombie (D:6)
  7 hounds
  2 jellies
  6 orc priests
  2 bullfrog skeletons (D:9)
  An iguana (D:4)
  7 worker ants
  Natasha (twice) (D:2)
  7 orc wizards
  A worker ant zombie (D:4)
  9 gnolls
  9 adders
  2 shadow imps (D:5)
  2 adder zombies
  2 adder skeletons
  5 dart slugs
  A leopard gecko (D:5)
  23 orcs
  7 bats
  A giant cockroach (D:2)
  5 goblins
  4 hobgoblins
  5 jackals (D:8)
  9 kobolds
  3 quokkas
  2 ball pythons (D:1)
  7 frilled lizards
  13 rats
185 creatures vanquished.

Vanquished Creatures (collateral kills)
  An orc (D:4)
1 creature vanquished.

Grand Total: 186 creatures vanquished

Notes
Turn   | Place    | Note
-------+----------+-------------------------------------------
     0 | D:1      | Gorglomux the Gnoll Transmuter began the quest for the Orb.
     0 | D:1      | Reached XP level 1. HP: 15/15 MP: 4/4
   124 | D:1      | Reached skill level 3 in Transmutations
   329 | D:1      | Reached XP level 2. HP: 11/21 MP: 4/6
   993 | D:2      | Found an ancient bone altar of Kikubaaqudgha.
   995 | D:2      | Noticed Natasha
  1010 | D:2      | Noticed a crimson imp
  1010 | D:2      | Killed Natasha
  1010 | D:2      | Reached skill level 4 in Transmutations
  1010 | D:2      | Reached XP level 3. HP: 6/26 MP: 6/8
  1014 | D:2      | Learned a level 2 spell: Sticks to Snakes
  1018 | D:2      | Learned a level 3 spell: Spider Form
  1469 | D:2      | Noticed Natasha
  1524 | D:2      | Killed Natasha
  1524 | D:2      | Reached XP level 4. HP: 24/32 MP: 4/10
  1685 | D:2      | Noticed Natasha
  1823 | D:2      | Found a sparkling altar of Nemelex Xobeh.
  2844 | D:3      | Reached skill level 1 in Poison Magic
  3061 | D:4      | Found a basalt altar of Yredelemnul.
  3061 | D:4      | Found a radiant altar of Vehumet.
  3067 | D:4      | Found a bloodstained altar of Trog.
  3070 | D:4      | Found a stormy altar of Qazlal.
  3071 | D:4      | Found a white marble altar of Elyvilon.
  3144 | D:4      | Reached XP level 5. HP: 20/37 MP: 3/12
  3442 | D:4      | Found a shattered altar of Ashenzari.
  3481 | D:4      | Reached skill level 3 in Poison Magic
  3576 | D:4      | Reached skill level 5 in Transmutations
  3778 | D:4      | Reached XP level 6. HP: 14/43 MP: 9/14
  4353 | D:4      | Reached skill level 6 in Spellcasting
  4371 | D:4      | Noticed a moth of wrath
  4375 | D:4      | Found a bloodstained altar of Trog.
  4400 | D:4      | Reached skill level 6 in Transmutations
  4500 | D:4      | Noticed Eustachio
  4527 | D:4      | Killed Eustachio
  4527 | D:4      | Reached XP level 7. HP: 23/48 MP: 11/17
  4604 | D:4      | Noticed Sigmund
  4707 | D:3      | Learned a level 5 spell: Blade Hands
  4716 | D:4      | Killed Sigmund
  4716 | D:4      | Reached skill level 7 in Transmutations
  5051 | D:5      | Entered Level 5 of the Dungeon
  5302 | D:5      | Found a staircase to the Ecumenical Temple.
  5325 | Temple   | Entered the Ecumenical Temple
  5405 | Temple   | Became a worshipper of Uskayaw the Reveler
  5508 | D:5      | Reached * piety under Uskayaw
  5509 | D:5      | Reached ** piety under Uskayaw
  5511 | D:5      | Reached *** piety under Uskayaw
  5547 | D:5      | Reached skill level 8 in Transmutations
  5547 | D:5      | Reached XP level 8. HP: 54/54 MP: 14/20
  5555 | D:5      | Reached **** piety under Uskayaw
  5683 | D:5      | Reached skill level 9 in Spellcasting
  6099 | D:5      | Reached skill level 9 in Transmutations
  7175 | D:6      | Reached skill level 10 in Transmutations
  7323 | D:7      | Found a burning altar of Makhleb.
  7326 | D:7      | Found a glowing silver altar of Zin.
  7326 | D:7      | Noticed an angel
  7336 | D:7      | Reached XP level 9. HP: 59/59 MP: 23/23
  7337 | D:7      | Noticed an Executioner
  7366 | D:7      | Reached skill level 11 in Transmutations
  7620 | D:7      | Reached skill level 3 in Dodging
  7626 | D:7      | Learned a level 4 spell: Ice Form
  7707 | D:7      | Found Xenk's Book Shop.
  7823 | D:7      | Found a sacrificial altar of Ru.
  7847 | D:7      | Reached skill level 3 in Fighting
  7910 | D:7      | Found a sparkling altar of Nemelex Xobeh.
  8433 | D:8      | Reached skill level 6 in Unarmed Combat
  8665 | D:8      | Got a brightly glowing pewter ring
  8752 | D:8      | Reached skill level 6 in Dodging
  8947 | D:8      | Reached XP level 10. HP: 53/76 MP: 16/24
  8952 | D:8      | Identified the ring of Egomania {rC++ MR+} (You found it on level 8 of the Dungeon)
  9062 | D:8      | Reached skill level 6 in Fighting
  9406 | D:9      | Found Olig Xof's Antique Weapon Boutique.
  9700 | D:9      | Noticed Joseph
  9715 | D:9      | Killed Joseph
  9870 | D:9      | Reached skill level 1 in Armour
  9881 | D:9      | Reached ***** piety under Uskayaw
  9908 | D:9      | Noticed Psyche
  9960 | D:9      | Noticed Gastronok
  9971 | D:9      | Reached skill level 3 in Armour
  9982 | D:9      | Slain by Gastronok

Vault maps used:
D:1:      eino_arrival_cavern_a
D:2:      old_standard_altar, nemelex_diamond_rough_becter, uniq_natasha
D:3:      first_bread
D:4:      nicolae_overflow_crystal_walls, chequers_temple_overflow_minitemple,
          tgw_trog, uniq_eustachio, uniq_sigmund
D:5:      minmay_temple_entry_grid
D:7:      grunt_temple_overflow_order_and_chaos_2, nemelex_altar_shiori,
          serial_shops, shop, the_bakery, nicolae_ru_path_of_blood
D:8:      grunt_decor_clamped
D:9:      serial_shops, shop_fountains, uniq_gastronok, uniq_psyche, uniq_joseph
Temple:   nicolae_temple_hex_pool

Skill      XL: |  1  2  3  4  5  6  7  8  9 10 |
---------------+-------------------------------+-----
Transmutations | 3 4 5 6 8 10 11 | 11.0
Spellcasting   | 4 5 6 8 10 | 10.1
Poison Magic   | 1 3 |  3.3
Dodging        | 6 8 |  8.0
Fighting       | 5 7 |  7.1
Unarmed Combat | 6 8 |  8.2
Armour         | 3 |  3.6

Action                   |  1- 3 |  4- 6 |  7- 9 | 10-12 || total
-------------------------+-------+-------+-------+-------++-------
Melee: Unarmed           |   110 |   176 |   318 |   127 ||   731
       Headbutt          |     2 |       |       |       ||     2
       Kick              |     2 |       |       |       ||     2
       Bite              |     1 |     1 |     3 |     2 ||     7
       Punch             |       |       |     3 |     1 ||     4
 Cast: Beastly Appendage |     9 |     1 |     3 |       ||    13
       Spider Form       |     2 |    26 |    19 |     4 ||    51
       Sticks to Snakes  |       |     3 |     2 |       ||     5
       Blade Hands       |       |       |    26 |    15 ||    41
       Ice Form          |       |       |       |     1 ||     1
Invok: Line Pass         |       |       |     2 |     1 ||     3
 Abil: End Transformatio |       |       |       |     1 ||     1
  Use: Scroll            |       |     2 |     5 |     1 ||     8
       Potion            |       |     3 |       |       ||     3
 Stab: Paralysed         |       |       |    10 |     6 ||    16
  Eat: Chunk             |     2 |    15 |    21 |    10 ||    48
       Meat ration       |       |       |     1 |       ||     1
Armor: Robe              |    28 |    21 |    43 |    17 ||   109
       Skin              |       |    11 |     8 |     4 ||    23
       Leather armour    |       |       |       |    19 ||    19
Dodge: Dodged            |    74 |   130 |   206 |    71 ||   481

Table legend:
 A = Spawn XP
 B = Non-spawn XP
 C = Spawn XP percentage of total XP
 D = Spawn monster count
 E = Non-spawn monster count
 F = Spawn count percentage of total count
 G = Total turns spent on level
                    A         B        C        D         E        F      G
               +---------+---------+-------+---------+---------+-------+---------
         Total |    1165 |    5933 |  16.4 |      30 |     156 |  16.1 |  9982
               +---------+---------+-------+---------+---------+-------+---------
           D:1 |       0 |      32 |   0.0 |       0 |      20 |   0.0 |   959
           D:2 |       4 |      86 |   4.4 |       3 |      11 |  21.4 |  1249
           D:3 |       5 |      32 |  13.5 |       2 |      10 |  16.7 |   885
           D:4 |      19 |     735 |   2.5 |       3 |      25 |  10.7 |  2282
           D:5 |      34 |     761 |   4.3 |       1 |      20 |   4.8 |   767
           D:6 |     140 |     463 |  23.2 |       2 |       7 |  22.2 |  1059
           D:7 |     188 |     607 |  23.6 |       4 |       7 |  36.4 |   705
           D:8 |     692 |    1516 |  31.3 |      12 |      34 |  26.1 |  1327
           D:9 |      83 |    1701 |   4.7 |       3 |      22 |  12.0 |   644
               +---------+---------+-------+---------+---------+-------+---------
